 Dungeon Crawl Stone Soup version 0.21.1-1-g345015fe64 (webtiles) character file.

199 Delanovic the Caller (level 5, -2/41 HPs)
             Began as a Draconian Summoner on Apr 24, 2018.
             Slain by matti1234's ghost (15 damage)
             ... on level 4 of the Dungeon.
             The game lasted 00:11:54 (4450 turns).

Delanovic the Caller (Draconian Summoner)           Turns: 4450, Time: 00:11:54

Health: -2/41      AC:  5    Str: 10    XL:     5   Next: 48%
Magic:  1/10       EV: 12    Int: 17    God:
Gold:   144        SH:  0    Dex: 11    Spells: 1/11 levels left

rFire    . . .     SeeInvis .   f - +1 short sword (drain)
rCold    . . .     Gourm    .   (no shield)
rNeg     . . .     Faith    .   (armour unavailable)
rPois    .         Spirit   .   (helmet restricted)
rElec    .         Reflect  .   (no cloak)
rCorr    +         Harm     .   (no gloves)
MR       .....                  (no boots)
Stlth    ++........             (no amulet)
HPRegen  0.13/turn              h - ring of resist corrosion
MPRegen  0.12/turn              (no ring)

@: slowed, very slow
A: unfitting armour, cold-blooded, AC +5
a: no special abilities


You were on level 4 of the Dungeon.
You were not hungry.

You visited 1 branch of the dungeon, and saw 4 of its levels.

You collected 144 gold pieces.

Inventory:

Hand Weapons
 f - a +1 short sword of draining (weapon)
 m - a +0 dagger
Armour
 l - a +0 shield
Jewellery
 h - a ring of resist corrosion (left hand)
Scrolls
 c - 8 scrolls of identify {unknown}
 d - a scroll of enchant armour {unknown}
 e - 3 scrolls of remove curse {unknown}
 i - a scroll of teleportation {unknown}
 k - 3 scrolls of amnesia {unknown}
 p - a scroll of enchant weapon {unknown}
Potions
 g - a potion of berserk rage {unknown}
 j - a potion of mutation {unknown}
 o - a potion of haste {unknown}
 q - a potion of agility {unknown}
Books
 a - a book of Callings

   Spells                             Type                      Level
   a - Summon Small Mammal            Summoning                    1
   b - Call Imp                       Summoning                    2
   c - Call Canine Familiar           Summoning                    3
   d - Summon Guardian Golem          Hexes/Summoning              3
   e - Summon Lightning Spire         Summoning/Air                4
   f - Summon Ice Beast               Ice/Summoning                4
Comestibles
 b - 8 rations
 n - a chunk of flesh


   Skills:
 + Level 2.2 Fighting
 - Level 1.7 Dodging
 - Level 1.7 Stealth
 + Level 3.6 Spellcasting
 + Level 5.2 Summonings
 + Level 0.7 Ice Magic


You had one spell level left.
You knew the following spells:

 Your Spells              Type           Power        Failure   Level  Hunger
a - Summon Small Mammal   Summ           ###.         1%          1    None
b - Call Imp              Summ           ###.....     2%          2    ##.....
c - Call Canine Familiar  Summ           ###.....     5%          3    ###....
d - Summon Ice Beast      Ice/Summ       ##......     43%         4    ####...


Dungeon Overview and Level Annotations

Branches:
Dungeon (4/15)
 Temple: D:4-7

Altars:

Annotations:
D:4 matti1234's ghost, novice FoAM


Innate Abilities, Weirdness & Mutations

Your plain brown scales are hard. (AC +5)
You cannot fit into any form of body armour.
You are cold-blooded and may be slowed by cold attacks.


Message History

Your white imp closely misses matti1234's ghost.
Matti1234's ghost hits your white imp!
Your white imp dies!
You feel yourself speed up. Matti1234's ghost closely misses you.
Matti1234's ghost gestures at you while chanting.
You resist with significant effort.
You see here a giant cockroach corpse.
You see here a giant cockroach corpse.
Matti1234's ghost gestures at you while chanting.
You feel yourself slow down.
Matti1234's ghost whispers, "There is no future for you."
Press: ? - help, v - describe, . - travel The floor.
Casting: Call Imp
Confirm with . or Enter, or press ? or * to list all spells.
A beastly little devil appears in a puff of flame.
Matti1234's ghost hits you! Matti1234's ghost hits you!
You die...

#..............######.###
####...##.#.......##.......#
##.#.#.###.##########.###.#.#
#...<......##########.##.#..#
##.#.#.#.#.#.......##.#.###.#
#........#.#.#####.##.##.#..##
##.#.#.#.....5..##.##........#
#.............W..#.###.#.###.###
###.#.#.###.#.##@...............#
............#<†.....###.##.##.#.#
##.....>.#######.#### #.##.#.....
#.##.##.# #.# #..W....# #.##.##.#
##.## ####h#.## #.##.##.# #...#
#......# #.##.##.# #...#
#.#.#..### ##.......#
#...######.#.......
#####.#########..........#....###


You could see matti1234's ghost and a friendly crimson imp.

Vanquished Creatures
  A worker ant (D:4)
  A worm (D:2)
  A leopard gecko (D:3)
  An orc (D:3)
  5 bats
  A giant cockroach (D:1)
  A goblin (D:3)
  2 hobgoblins (D:1)
  A jackal (D:1)
  A quokka (D:4)
  2 frilled lizards
  3 kobolds
  2 rats (D:1)
22 creatures vanquished.

Vanquished Creatures (collateral kills)
  An ogre (D:3)
  A jelly (D:4)
  An orc priest (D:3)
  A worker ant (D:4)
  Robin (D:3)
  5 adders
  4 worms
  2 dart slugs
  2 leopard geckos
  3 orcs (D:3)
  2 ball pythons
  2 giant cockroaches
  9 goblins (D:3)
  4 hobgoblins
  5 jackals
  A quokka (D:4)
  3 bats
  3 frilled lizards
  2 kobolds
  6 rats
58 creatures vanquished.

Grand Total: 80 creatures vanquished

Notes
Turn   | Place    | Note
-------+----------+-------------------------------------------
     0 | D:1      | Delanovic the Draconian Summoner began the quest for the Orb.
     0 | D:1      | Reached XP level 1. HP: 14/14 MP: 3/3
   697 | D:1      | Reached XP level 2. HP: 18/20 MP: 3/5
   701 | D:1      | Learned a level 2 spell: Call Imp
  1823 | D:2      | Reached XP level 3. HP: 19/26 MP: 4/7
  2531 | D:3      | Learned a level 3 spell: Call Canine Familiar
  2578 | D:3      | Noticed Robin
  2584 | D:3      | Killed Robin
  2882 | D:3      | Noticed an ogre
  2899 | D:3      | Killed an ogre
  2899 | D:3      | Reached skill level 1 in Fighting
  2899 | D:3      | Reached XP level 4. HP: 35/35 MP: 4/8
  2922 | D:3      | Reached skill level 5 in Summonings
  3190 | D:3      | Reached XP level 5. HP: 40/41 MP: 4/10
  4096 | D:4      | Learned a level 4 spell: Summon Ice Beast
  4401 | D:4      | Noticed matti1234's ghost (novice FoAM)
  4450 | D:4      | Slain by matti1234's ghost

Skill      XL: |  1  2  3  4  5 |
---------------+----------------+-----
Spellcasting   | 3 |  3.6
Fighting       | 1 2 |  2.2
Summonings     | 5 |  5.2
Dodging        | |  1.7
Stealth        | |  1.7
Ice Magic      | |  0.7

Action                   |  1- 3 |  4- 6 || total
-------------------------+-------+-------++-------
Melee: Unarmed           |    48 |       ||    48
       Tailslap          |     4 |     3 ||     7
       Short sword       |    23 |    24 ||    47
 Cast: Summon Small Mamm |    38 |    10 ||    48
       Call Imp          |    17 |    12 ||    29
       Call Canine Famil |     2 |    13 ||    15
  Use: Potion            |     1 |       ||     1
 Stab: Invisible         |     1 |       ||     1
       Sleeping          |     1 |       ||     1
  Eat: Chunk             |     7 |     7 ||    14
Armor: Skin              |    27 |    23 ||    50
Dodge: Dodged            |    75 |    54 ||   129
